 Dungeon Crawl Stone Soup version 0.31-a0-1301-g7e11add784 (webtiles) character file.

Game seed: 3993846437022618931

59 Colgate the Cutter (level 4, 0/26 HPs)
             Began as a Kobold Brigand on Dec 19, 2023.
             Slain by Natasha (8 damage)
             ... on level 2 of the Dungeon.
             The game lasted 00:01:33 (889 turns).

Colgate the Cutter (Kobold Brigand)                  Turns: 889, Time: 00:01:33

Health: 0/26       AC:  3    Str:  8    XL:     4   Next: 22%
Magic:  4/4        EV: 14    Int: 12    God:
Gold:   91         SH:  0    Dex: 18    Spells: 3/3 levels left

rFire   . . .        a - +2 dagger
rCold   . . .        (no shield)
rNeg    . . .        b - +0 robe
rPois   .            (no helmet)
rElec   .            c - +0 cloak
rCorr   .            (no gloves)
SInv    .            (no boots)
Will    .....        (no amulet)
Stlth   ++++         (no ring)
HPRegen 0.24/turn    (no ring)
MPRegen 0.09/turn

%: no passive effects
@: no status effects
A: small, no large weapons, nightstalker 3
a: no special abilities


You were on level 2 of the Dungeon.
You visited 1 branch of the dungeon, and saw 2 of its levels.

You collected 91 gold pieces.

Inventory:

Hand Weapons
 a - a +2 dagger (weapon)
Missiles
 d - 9 poisoned darts (quivered)
 e - 3 curare-tipped darts
 k - 2 boomerangs
Armour
 b - a +0 robe (worn)
 c - a +0 cloak (worn)
Scrolls
 h - a scroll of amnesia {unknown}
 j - a scroll of revelation {unknown}
Potions
 f - a potion of resistance {@q5}
 g - a potion of ambrosia
 i - a potion of mutation
 l - a potion of enlightenment {unknown}


   Skills:
 - Level 2.1 Fighting
 + Level 5.6 Short Blades
 - Level 2.1 Throwing
 - Level 1.2 Dodging
 - Level 5.3 Stealth


You had 3 spell levels left.
You didn't know any spells.
Your spell library was empty.

Dungeon Overview and Level Annotations

Branches:
Dungeon (2/15)

Altars:

Annotations:
D:2 Natasha


Innate Abilities, Weirdness & Mutations

You are small and have problems with some larger weapons.
You are completely attuned to the shadows.


Message History

You hit the adder. The adder barely misses you.
You hit the adder but do no damage. The adder closely misses you.
You hit the adder. The adder misses you.
You barely miss the adder. You miss the adder. The adder barely misses you.
You miss the adder. The adder completely misses you.
You hit the adder. The adder bites you but does no damage.
You barely miss the adder. The adder barely misses you.
You hit the adder.
You kill the adder!
No target in view!
No target in view!
No target in view!
HP restored.
You see here an adder corpse.
Found a stone staircase leading down.
No target in view!
h - a scroll labelled ZIAMMO YPOSATAN No target in view!
Natasha, Servant of Life and Death comes into view.
Natasha hisses angrily.
You hear a shout!
A kobold comes into view. It is wielding a +0 dagger.
Natasha mumbles some strange words.
Natasha mewls in sadness.
The cerulean imp hits you from afar with a +1 spear.
The cerulean imp misses you. Natasha attacks as she pursues you!
Natasha claws you! Natasha attacks as she pursues you! Natasha claws you!
Natasha attacks as she pursues you! Natasha misses you.
The cerulean imp attacks as it pursues you!
The cerulean imp hits you from afar with a +1 spear.
Natasha misses you.
Natasha mewls in sadness.
The cerulean imp attacks as it pursues you!
The cerulean imp hits you from afar with a +1 spear.
* * * LOW HITPOINT WARNING * * *
Natasha misses you. Natasha attacks as she pursues you! Natasha claws you!
You die...
Natasha curls up and begins to purr.

#K.... #..... #.....
########### ###.....
.......>..###K......
#..........K........
#.......5.###.......
#.......h.# ###.....
#......@..# #.#..#
#...†.....# ..#...
....<.......
............
.......#####
......... ........#


You could see Natasha, a cerulean imp (summoned) and a kobold.

Vanquished Creatures
  An adder (D:2)
  A dart slug (D:1)
  5 ball pythons (D:1)
  4 endoplasms (D:1)
  3 giant cockroaches (D:1)
  5 goblins (D:1)
  4 hobgoblins (D:1)
  4 jackals (D:1)
  2 kobolds (D:1)
  5 quokkas (D:1)
  A bat (D:1)
  2 frilled lizards (D:1)
  3 rats (D:1)
40 creatures vanquished.

Notes
Turn   | Place    | Note
-------+----------+-------------------------------------------
     0 | D:1      | Colgate the Kobold Brigand began the quest for the Orb.
     0 | D:1      | Reached XP level 1. HP: 12/12 MP: 1/1
    41 | D:1      | Reached XP level 2. HP: 17/17 MP: 2/2
   196 | D:1      | Reached XP level 3. HP: 21/21 MP: 3/3
   549 | D:1      | Reached skill level 5 in Short Blades
   820 | D:1      | Reached XP level 4. HP: 26/26 MP: 4/4
   871 | D:2      | Noticed Natasha
   889 | D:2      | Slain by Natasha

Illustrated notes

Levels and vault maps discovered:
D:1:      enne_arrival_octagon_isle, layout_loops_cross, minmay_tetromino_i4
D:2:      minmay_razor_zed, layout_rooms, uniq_crazy_yiuf_cottage, uniq_natasha,
          uniq_jessica, uniq_sigmund

Skill      XL: |  1  2  3 |
---------------+----------+-----
Short Blades   | 3 4 5 |  5.6
Fighting       | |  2.1
Throwing       | |  2.1
Dodging        | |  1.2
Stealth        | |  5.3

Action                     |  1- 3 |  4- 6 || total
---------------------------+-------+-------++-------
  Melee: Dagger            |    83 |    17 ||   100
         Punch             |     1 |       ||     1
    Use: Scroll            |     3 |       ||     3
   Stab: Sleeping          |    20 |       ||    20
 Armour: Robe              |    19 |    12 ||    31
  Dodge: Dodged            |    29 |    17 ||    46

Table legend: (Time is in decaauts)
 A = Elapsed time spent in this place.
 B = Non-inter-level travel time spent in this place.
 C = Inter-level travel time spent in this place.
 D = Time resting spent in this place.
 E = Time spent auto-exploring this place.
 F = Levels seen in this place.
 G = Mean time per level.
                   A        B        C        D        E       F      G
               +--------+--------+--------+--------+--------+-----+--------+
         Total |    868 |    851 |     17 |      0 |    638 |   2 |  434.0 |
       Dungeon |    868 |    851 |     17 |      0 |    638 |   2 |  434.0 |
               +--------+--------+--------+--------+--------+-----+--------+

Top non-repeatable levels by time:
     D:1: 805 daAuts
     D:2: 63 daAuts
